 Dungeon Crawl Stone Soup version 0.27-a0-604-g29a88b33a7 (webtiles) character file.

Game seed: 14158577278875574455

700 EnegeticOcto the Cutter (level 7, -1/43 HPs)
             Began as a Halfling Earth Elementalist on Mar 12, 2021.
             Was an Initiate of Cheibriados.
             Slain by a gnoll (7 damage)
             ... on level 5 of the Dungeon.
             The game lasted 00:12:10 (1731 turns).

EnegeticOcto the Cutter (HaEE)                      Turns: 1731, Time: 00:12:10

Health: -1/43      AC:  3    Str: 10    XL:     7   Next: 98%
Magic:  18/18      EV: 15    Int: 16    God:    Cheibriados [......]
Gold:   24         SH:  0    Dex: 16    Spells: 3/9 levels left

rFire    . . .     SeeInvis .   v - +2 long sword (freeze)
rCold    . . .     Faith    .   (shield restricted)
rNeg     . . .     Spirit   .   c - +0 robe
rPois    .         Reflect  .   m - +0 helmet
rElec    .         Harm     .   (no cloak)
rCorr    .         Rampage  .   (no gloves)
Will     .....                  (no boots)
Stlth    ++........             r - amulet of regeneration
HPRegen  1.14/turn              d - ring of magical power
MPRegen  0.16/turn              (no ring)

@: very slow
A: small, mutation resistance 1
a: Renounce Religion, Bend Time


You were on level 5 of the Dungeon.
You worshipped Cheibriados.
Cheibriados was noncommittal.
You visited 2 branches of the dungeon, and saw 7 of its levels.

You collected 186 gold pieces.
You spent 162 gold pieces at shops.

Inventory:

Hand Weapons
 a - a +0 short sword
   (You took it off a kobold on level 1 of the Dungeon)
 i - a +2 short sword of speed
   (You took it off a kobold on level 2 of the Dungeon)
 n - a +2 vampiric dagger
   (You took it off a goblin on level 3 of the Dungeon)
 q - a +0 long sword
   (You found it on level 5 of the Dungeon)
 v - a +2 long sword of freezing (weapon)
   (You bought it in a shop on level 5 of the Dungeon)
Missiles
 b - 22 stones (quivered)
Armour
 c - a +0 robe (worn)
 m - a +0 helmet (worn)
   (You took it off Robin on level 3 of the Dungeon)
Magical Staves
 f - a staff of poison
   (You found it on level 2 of the Dungeon)
Jewellery
 d - a ring of magical power (right hand)
   (You found it on level 1 of the Dungeon)
 l - a ring of protection from fire
   (You found it on level 3 of the Dungeon)
 o - a ring of flight
   (You found it on level 4 of the Dungeon)
 r - an amulet of regeneration (around neck)
   (You found it on level 4 of the Dungeon)
 t - an amulet of guardian spirit
   (You found it on level 5 of the Dungeon)
Scrolls
 g - 2 scrolls of immolation {unknown}
 h - 2 scrolls of enchant armour {unknown}
 k - 4 scrolls of identify {unknown}
 p - 2 scrolls of teleportation {unknown}
Potions
 e - a potion of berserk rage {unknown}
 j - a potion of ambrosia
 s - a potion of lignification {unknown}


   Skills:
 + Level 1.6 Fighting
 - Level 6.0(6.1) Short Blades
 * Level 1.3(3.4) Long Blades
 + Level 3.3 Dodging
 + Level 3.4 Stealth
 - Level 1.6 Spellcasting
 - Level 1.2 Conjurations
 - Level 0.6 Transmutations
 - Level 5.0 Earth Magic


You had 3 spell levels left.
You knew the following spells:

 Your Spells              Type           Power      Damage    Failure   Level
a - Sandblast             Erth           34%        2d9       2%          1
b - Stone Arrow           Conj/Erth      22%        3d8       19%         3
p - Passwall              Tmut/Erth      8%         N/A       11%         2

Your spell library contained the following spells:

 Spells                   Type           Power      Damage    Failure   Level
 Petrify                  Tmut/Erth      10%        N/A       56%         4
 Lee's Rapid Deconstruct  Erth           8%         3d8*      61%         5


Dungeon Overview and Level Annotations

Branches:
Dungeon (6/15)             Temple (1/1) D:4

Altars:
Ashenzari
Cheibriados
Elyvilon
Fedhas
Hepliaklqana
Kikubaaqudgha
Nemelex Xobeh
Okawaru
Qazlal
Ru
Sif Muna
Uskayaw
Vehumet
Wu Jian
Xom
Zin
The Shining One

Shops:
D:5 (!


Innate Abilities, Weirdness & Mutations

You are small and have problems with some larger weapons.
You are somewhat resistant to further mutation.


Message History

Press: ? - help, Shift-Dir - straight line, f - gnoll sergeant
Aim: a gnoll sergeant, wielding a +1 spear of freezing, wearing a +0 ring mail and wearing a +2 kite shield (13% to evade)
The gnoll sergeant blocks the blast of sand.
b - 23 stones The gnoll sergeant misses you.
The gnoll sergeant hits you with a +1 spear of freezing.
The gnoll sergeant freezes you.
The gnoll sergeant hits you with a +1 spear of freezing!
The gnoll sergeant freezes you.
You are too injured to fight recklessly!
You are too injured to fight recklessly!
You hit the gnoll sergeant. You freeze the gnoll sergeant.
The gnoll sergeant is lightly wounded.
The gnoll sergeant closely misses you. The gnoll sergeant blocks your attack.
The gnoll sergeant is lightly wounded.
The gnoll sergeant hits you with a +1 spear of freezing.
The gnoll sergeant freezes you.
You closely miss the gnoll sergeant.
The gnoll sergeant is lightly wounded.
The gnoll sergeant hits you with a +1 spear of freezing.
The gnoll sergeant freezes you.
You hit the gnoll sergeant but do no damage.
The gnoll sergeant is lightly wounded.
The gnoll sergeant barely misses you.
The gnoll sergeant hits you with a +1 spear of freezing.
The gnoll sergeant freezes you. The gnoll sergeant blocks your attack.
The gnoll sergeant is lightly wounded.
The gnoll sergeant barely misses you.
You riposte.
You hit the gnoll sergeant. You freeze the gnoll sergeant.
The gnoll sergeant is lightly wounded.
The gnoll sergeant blocks your attack.
The gnoll sergeant is lightly wounded.
The gnoll sergeant barely misses you.
Throw: 23 stones
Press: ? - help, Q - select action, (/) - cycle Shift-Dir - straight line, f/p - gnoll sergeant
Aim: a gnoll sergeant, wielding a +1 spear of freezing, wearing a +0 ring mail and wearing a +2 kite shield (lightly wounded, 70% to hit)
You throw a stone.
The stone closely misses the gnoll sergeant.
The gnoll sergeant misses you.
Throw: dart (curare)
Press: ? - help, Q - select action, (/) - cycle Shift-Dir - straight line, f/p - gnoll sergeant
Aim: a gnoll sergeant, wielding a +1 spear of freezing, wearing a +0 ring mail and wearing a +2 kite shield (lightly wounded, 70% to hit)
You throw a curare-tipped dart.
The curare-tipped dart hits the gnoll sergeant.
The gnoll sergeant is poisoned.
The gnoll sergeant convulses.
The gnoll sergeant seems to slow down.
The gnoll sergeant is heavily wounded.
The gnoll sergeant barely misses you. The gnoll sergeant blocks your attack.
The gnoll sergeant is heavily wounded.
The gnoll sergeant hits you with a +1 spear of freezing.
The gnoll sergeant freezes you.
You barely miss the gnoll sergeant.
The gnoll sergeant is heavily wounded.
The gnoll sergeant completely misses you.
You riposte.
The gnoll sergeant blocks your attack.
The gnoll sergeant is heavily wounded.
The gnoll sergeant blocks your attack.
The gnoll sergeant is heavily wounded.
The gnoll sergeant hits you with a +1 spear of freezing!
The gnoll sergeant freezes you.
You barely miss the gnoll sergeant.
The gnoll sergeant is severely wounded.
The gnoll sergeant closely misses you.
You hit the gnoll sergeant but do no damage.
The gnoll sergeant is severely wounded.
The gnoll sergeant blocks your attack.
The gnoll sergeant is severely wounded.
The gnoll sergeant barely misses you. The gnoll sergeant blocks your attack.
The gnoll sergeant is almost dead.
The gnoll sergeant closely misses you.
You riposte.
The gnoll sergeant blocks your attack.
The gnoll sergeant is almost dead.
You slash the gnoll sergeant! You freeze the gnoll sergeant.
You kill the gnoll sergeant!
Your base Long Blades skill increases to level 1!
The gnoll hits you.
There is a stone staircase leading up here.
The gnoll hits you.
You climb upwards.
There is a stone staircase leading down here.
The gnoll hits you.
You climb downwards.
The gnoll hits you! The gnoll barely misses you.
There is a stone staircase leading up here.
Okay, then.
The gnoll hits you.
* * * LOW HITPOINT WARNING * * *
The gnoll closely misses you.
You riposte.
You closely miss the gnoll. The scorpion stings you!
* * * LOW HITPOINT WARNING * * *
You climb upwards.
There is a stone staircase leading down here.
The gnoll closely misses you. The gnoll barely misses you.
You riposte.
You hit the gnoll. You freeze the gnoll.
The gnoll is moderately wounded.
The gnoll hits you!
You die...

# ####..####..# #
##.......# #
#....#..# #
.####..#.#..# #
..).......#.#####
#
#.##.............
#.##...#.####. #.
#.gg..# #.
##@s..#
.......#.#......
...###.#...#.###
..#.#.#.#
####.....# ###
###


You could see a scorpion and 2 gnolls.

Vanquished Creatures
  A phantom (D:5)
  A gnoll sergeant (D:6)
  A scorpion (D:4)
  A howler monkey (D:5)
  A jelly (D:5)
  An orc priest (D:5)
  2 hounds (D:4)
  An iguana (D:6)
  4 orc wizards
  2 worker ants
  A killer bee zombie (D:5)
  Robin (D:3)
  7 adders
  A shadow imp (D:5)
  4 worms
  9 orcs
  A ball python (D:3)
  A giant cockroach (D:1)
  12 goblins (D:3)
  7 hobgoblins
  8 jackals
  5 bats
  3 frilled lizards
  5 kobolds
  A leopard gecko zombie (D:5)
  A rat (D:3)
82 creatures vanquished.

Notes
Turn   | Place    | Note
-------+----------+-------------------------------------------
     0 | D:1      | EnegeticOcto the Halfling Earth Elementalist began the
                  | quest for the Orb.
     0 | D:1      | Reached XP level 1. HP: 11/11 MP: 3/3
   184 | D:1      | Reached XP level 2. HP: 17/17 MP: 2/4
   190 | D:1      | Reached skill level 1 in Short Blades
   262 | D:3      | Reached XP level 3. HP: 21/21 MP: 5/5
   283 | D:3      | Reached skill level 2 in Short Blades
   391 | D:2      | Reached XP level 4. HP: 24/27 MP: 5/6
   417 | D:2      | Reached skill level 4 in Earth Magic
   468 | D:3      | Reached skill level 3 in Short Blades
   573 | D:3      | Learned a level 2 spell: Passwall
   661 | D:3      | Reached XP level 5. HP: 31/31 MP: 7/7
   737 | D:3      | Noticed Robin
   768 | D:3      | Killed Robin
   834 | D:4      | Reached skill level 4 in Short Blades
   911 | D:3      | Reached XP level 6. HP: 23/36 MP: 8/8
   966 | D:4      | Reached skill level 5 in Earth Magic
  1003 | D:4      | Found a staircase to the Ecumenical Temple.
  1011 | Temple   | Entered the Ecumenical Temple
  1088 | Temple   | Became a worshipper of Cheibriados the Contemplative
  1144 | D:4      | Reached skill level 5 in Short Blades
  1231 | D:4      | Learned a level 3 spell: Stone Arrow
  1251 | D:4      | Found a broken altar of Ashenzari.
  1353 | D:5      | Entered Level 5 of the Dungeon
  1355 | D:5      | Found Xaneynug's Antique Weapon Emporium.
  1367 | D:5      | Found a snail-covered altar of Cheibriados.
  1387 | D:5      | Reached XP level 7. HP: 42/42 MP: 9/9
  1414 | D:5      | Reached skill level 1 in Fighting
  1453 | D:5      | Reached skill level 1 in Conjurations
  1525 | D:5      | Reached skill level 6 in Short Blades
  1525 | D:5      | Reached skill level 3 in Stealth
  1543 | D:5      | Reached skill level 3 in Dodging
  1568 | D:5      | Found Foinot's Distillery.
  1606 | D:5      | Bought a glowing long sword for 162 gold pieces
  1721 | D:6      | Reached skill level 1 in Long Blades
  1731 | D:5      | Slain by a gnoll

Illustrated notes

Levels and vault maps discovered:
D:1:      eino_arrival_tree_alley, layout_loops_ring
D:2:      layout_basic, elyvilon_altar_1
D:3:      layout_loops_cross, serial_glass, glass_columns_a, glass_columns_b,
          uniq_robin
D:4:      layout_loops_ring, minmay_temple_entry_statues_fountains,
          cheibrodos_ashenzari_chains
D:5:      layout_basic, serial_shops, shop_fountains, nicolae_shop_crystal,
          shop, shop_fountains, cheibriados_altar_1
D:6:      layout_basic
Temple:   roderic_octagonal_lattice_temple

Skill      XL: |  1  2  3  4  5  6  7 |
---------------+----------------------+-----
Short Blades   | 1 2 3 4 5 6 |  6.0
Earth Magic    | 4 5 |  5.0
Fighting       | 1 |  1.6
Conjurations   | 1 |  1.2
Stealth        | 3 |  3.4
Dodging        | 3 |  3.3
Long Blades    | 1 |  1.3
Spellcasting   | |  1.6
Transmutations | |  0.6

Action                   |  1- 3 |  4- 6 |  7- 9 || total
-------------------------+-------+-------+-------++-------
Melee: Short sword       |    24 |    70 |       ||    94
       Dagger            |       |     8 |     8 ||    16
       Long sword        |       |       |    25 ||    25
Throw: Dart              |       |     1 |     3 ||     4
       Stone             |       |       |     3 ||     3
 Cast: Sandblast         |    31 |    58 |    22 ||   111
  Use: Scroll            |       |     1 |       ||     1
       Potion            |       |       |     1 ||     1
 Stab: Sleeping          |       |     2 |     3 ||     5
Armor: Robe              |     3 |    13 |    11 ||    27
Dodge: Dodged            |    17 |    66 |    41 ||   124
       Rpst.: Long sword |       |       |     6 ||     6

Table legend: (Time is in decaauts)
 A = Elapsed time spent in this place.
 B = Non-inter-level travel time spent in this place.
 C = Inter-level travel time spent in this place.
 D = Time resting spent in this place.
 E = Time spent auto-exploring this place.
 F = Levels seen in this place.
 G = Mean time per level.
                   A        B        C        D        E       F      G
               +--------+--------+--------+--------+--------+-----+--------+
         Total |   1880 |   1798 |     82 |      0 |      0 |   7 |  268.6 |
       Dungeon |   1772 |   1690 |     82 |      0 |      0 |   6 |  295.3 |
        Temple |    108 |    108 |      0 |      0 |      0 |   1 |  108.0 |
               +--------+--------+--------+--------+--------+-----+--------+

Top non-repeatable levels by time:
     D:4: 490 daAuts
     D:5: 382 daAuts
     D:3: 342 daAuts
     D:2: 267 daAuts
     D:1: 204 daAuts
  Temple: 108 daAuts
     D:6: 85 daAuts
